 Dungeon Crawl Stone Soup version 0.29-a0-323-g050149af67 (webtiles) character file.

Game seed: 18323462944953337470

149 Flugslaktarn the Stinger (level 5, -1/35 HPs)
             Began as a Human Venom Mage on Apr 10, 2022.
             Slain by an orc
             ... wielding a +2 flail of protection
              (8 damage)
             ... on level 3 of the Dungeon.
             The game lasted 00:06:03 (1111 turns).

Flugslaktarn the Stinger (Human Venom Mage)         Turns: 1111, Time: 00:06:03

Health: -1/35      AC:  2    Str:  8    XL:     5   Next: 57%
Magic:  8/9        EV: 12    Int: 18    God:
Gold:   203        SH:  0    Dex: 13    Spells: 5/10 levels left

rFire   + . .      SeeInvis .   a - +2 dagger (venom)
rCold   . . .      Faith    .   (no shield)
rNeg    . . .      Spirit   .   i - +0 robe
rPois   .          Reflect  .   (no helmet)
rElec   .          Harm     .   (no cloak)
rCorr   .          Rampage  .   (no gloves)
Will    .....                   (no boots)
Stlth   ++........              (no amulet)
HPRegen 0.11/turn               p - ring of protection from fire
MPRegen 0.11/turn               (no ring)

@: brilliant, attractive, hasted, very quick
A: no striking features
a: no special abilities


You were on level 3 of the Dungeon.
You visited 1 branch of the dungeon, and saw 4 of its levels.

You collected 203 gold pieces.

Inventory:

Hand Weapons
 a - a +2 dagger of venom (weapon)
   (You took it off a kobold on level 1 of the Dungeon)
Missiles
 j - 36 stones
 m - 5 boomerangs
 v - 2 throwing nets
Armour
 i - a +0 robe (worn)
Magical Staves
 b - a staff of earth
   (You found it on level 4 of the Dungeon)
Jewellery
 p - a ring of protection from fire (left hand)
   (You found it on level 3 of the Dungeon)
Wands
 s - a wand of digging (5)
   (You found it on level 3 of the Dungeon)
Scrolls
 c - a scroll of blinking {unknown}
 e - a scroll of enchant weapon
 h - 2 scrolls of amnesia
 k - a scroll of fog {unknown}
 o - a scroll of magic mapping {unknown}
 t - a scroll of summoning {unknown}
Potions
 f - 2 potions of magic
 l - 2 potions of ambrosia
 n - a potion of resistance
 q - 2 potions of curing
 w - a potion of lignification {unknown}
 x - a potion of invisibility {unknown}


   Skills:
 - Level 2.0 Dodging
 - Level 2.0 Stealth
 - Level 3.0 Spellcasting
 + Level 1.4 Conjurations
 - Level 2.0 Transmutations
 + Level 2.2 Earth Magic
 + Level 3.8 Poison Magic


You had 5 spell levels left.
You knew the following spells:

 Your Spells              Type           Power      Damage    Failure   Level
a - Sting                 Tmut/Pois      76%        1d6       4%          1
b - Sandblast             Erth           30%        2d9       7%          1
c - Mephitic Cloud        Conj/Pois/Air  13%        N/A       24%         3

Your spell library contained the following spells:

 Spells                   Type           Power      Damage    Failure   Level
 Passwall                 Tmut/Erth      12%        N/A       11%         2
 Poisonous Vapours        Pois/Air       28%        N/A       11%         2
 Stone Arrow              Conj/Erth      26%        3d8       24%         3
 Olgreb's Toxic Radiance  Pois           24%        N/A       32%         4


Dungeon Overview and Level Annotations

Branches:
Dungeon (4/15)
 Temple: D:4-7

Altars:
Makhleb


Message History

Casting: Sandblast (safe; 11% risk of failure)
Confirm with . or Enter, or press ? or * to list all spells.
Aiming: Sandblast (safe; 11% risk of failure)
Press: ? - help, Shift-Dir - straight line, f/p - water moccasin
Aim: a water moccasin (almost dead, 63% to hit)
You feel a surge of power!
The blast of sand hits the water moccasin.
You kill the water moccasin!
j - 36 stones The orc priest shouts!
You hear a shout!
Training target 2.0 for Transmutations reached!
Training target 3.0 for Spellcasting reached!
Your Spellcasting skill increases to level 3!
Your Conjurations skill increases to level 1!
Your Transmutations skill increases to level 2!
Your Earth Magic skill increases to level 2!
You have reached level 4!
You feel clever.
You have reached level 5!
Unknown command.
Unknown command.
Unknown command.
The orc priest looks satisfied for a moment.
Your magical contamination has completely faded away.
Unknown command.
There is a stone staircase leading down here.
There is an open door here.
There is a stone staircase leading up here.
You climb upwards.
There is a stone staircase leading down here.
As you read the scroll labelled WUNOOG QARAILO, it crumbles to dust.
It is a scroll of identify.
e - 2 potions of curing;
q - 2 potions of curing
e - a scroll of enchant weapon;
r - 2 scrolls of identify;
v - 2 throwing nets
As you read the scroll of identify, it crumbles to dust.
l - 2 potions of ambrosia
As you read the scroll of identify, it crumbles to dust.
c - a potion of resistance;
n - a potion of resistance
c - a scroll labelled SUWKUOSIQA Unknown command.
Okay, then.
Your +2 dagger of venom begins to drip with poison!
i - a +2 dagger of venom (weapon)
Okay, then.
Adjust (i)tems, (s)pells, or (a)bilities?
i - a +2 dagger of venom (weapon)
Adjust to which letter? (? for menu, Esc to quit)
a - a +2 dagger of venom (weapon);
i - a +0 robe (worn)
Unknown command.
Adjust (i)tems, (s)pells, or (a)bilities?
f - a staff of earth Adjust to which letter? (? for menu, Esc to quit)
b - a staff of earth;
f - 2 potions of magic A ball python comes into view.
Found a scroll of amnesia.
The ball python hisses angrily.
You barely miss the ball python. The ball python closely misses you.
The ball python grabs you. The ball python constricts you.
The ball python barely misses you. The ball python constricts you.
* * * LOW HITPOINT WARNING * * *
Casting: Sandblast (safe; 7% risk of failure)
Confirm with . or Enter, or press ? or * to list all spells.
Aiming: Sting (safe; 4% risk of failure)
Press: ? - help, Shift-Dir - straight line, f - ball python
Aim: a ball python (constricting you, 68% to hit)
The sting misses the ball python.
The ball python bites you but does no damage.
The ball python constricts you.
Casting: Sting (safe; 4% risk of failure)
Confirm with . or Enter, or press ? or * to list all spells.
Aiming: Sting (safe; 4% risk of failure)
Press: ? - help, Shift-Dir - straight line, f/p - ball python
Aim: a ball python (constricting you, 68% to hit)
The sting hits the ball python.
The ball python is poisoned.
The ball python is severely wounded.
You kill the ball python!
Found 6 poisoned darts and 18 gold pieces.
You now have 203 gold pieces (gained 18).
h - 2 scrolls of amnesia (gained 1)
You open the door. 3 orcs come into view.
An orc is wielding a +2 flail of protection.
The orc shouts!
You hear a shout!
An orc wizard comes into view. It is wielding a +0 dagger.
An orc comes into view. It is wielding a +0 trident.
Okay, then.
Okay, then.
It was a potion of attraction.
You feel attractive to monsters.
The orc shouts!
Unknown command.
It was a potion of brilliance.
You feel clever all of a sudden. The orc closely misses you.
The orc hits you with a +0 falchion.
* * * LOW HITPOINT WARNING * * *
Unknown command.
It was a potion of haste.
You feel yourself speed up. The orc completely misses you.
The orc hits you with a +2 flail of protection!
You die...

##### #
##.#.#.#.##
#...@o....#
##.##o##.##
###### #..#
o.# #.....
##.+ o.+
#..... #(.#
..# #.>...
###.##+##.
#.....
#..........
#.....
#.#.#.#.#.#
#.....
#.#.....
######


You could see an orc wizard and 3 orcs.

Vanquished Creatures
  A water moccasin (D:4)
  An adder (D:2)
  A dart slug (D:2)
  6 ball pythons
  5 bats
  2 endoplasms
  2 giant cockroaches
  2 goblins (D:3)
  5 hobgoblins
  2 jackals (D:1)
  A quokka (D:2)
  A frilled lizard (D:2)
  4 kobolds
  A rat (D:2)
34 creatures vanquished.

Notes
Turn   | Place    | Note
-------+----------+-------------------------------------------
     0 | D:1      | Flugslaktarn the Human Venom Mage began the quest for the
                  | Orb.
     0 | D:1      | Reached XP level 1. HP: 13/13 MP: 3/3
    92 | D:1      | Learned a level 1 spell: Sandblast
   261 | D:1      | Reached XP level 2. HP: 12/19 MP: 3/5
   307 | D:2      | Found a faded altar of an unknown god.
   370 | D:2      | Reached XP level 3. HP: 12/24 MP: 1/6
   371 | D:2      | Reached skill level 1 in Earth Magic
   890 | D:3      | Learned a level 3 spell: Mephitic Cloud
  1004 | D:4      | Found a burning altar of Makhleb.
  1036 | D:4      | Noticed a water moccasin
  1046 | D:4      | HP: 1/24 [water moccasin (8)]
  1048 | D:4      | Killed a water moccasin
  1049 | D:4      | Reached skill level 1 in Conjurations
  1049 | D:4      | Reached XP level 4. HP: 2/30 MP: 5/8
  1049 | D:4      | Reached XP level 5. HP: 2/35 MP: 5/9
  1111 | D:3      | Slain by an orc

Illustrated notes

Levels and vault maps discovered:
D:1:      dpeg_arrival_rooms_c, layout_loops_corners, corexii_hall_statues_x,
          grunt_decor_one_mirror
D:2:      layout_loops_ring, shapermc_ecumenical_altar_starsandcircs
D:3:      layout_rooms, minmay_misc_feat_doors
D:4:      layout_gridville, old_standard_altar

Skill      XL: |  1  2  3 |
---------------+----------+-----
Earth Magic    | 2 |  2.2
Spellcasting   | 3 |  3.0
Conjurations   | 1 |  1.4
Transmutations | 2 |  2.0
Dodging        | |  2.0
Stealth        | |  2.0
Poison Magic   | |  3.8

Action                   |  1- 3 |  4- 6 || total
-------------------------+-------+-------++-------
Melee: Short sword       |     6 |       ||     6
       Dagger            |    23 |     1 ||    24
       Punch             |     1 |       ||     1
 Cast: Sting             |    38 |     2 ||    40
       Sandblast         |     7 |       ||     7
  Use: Scroll            |     2 |     3 ||     5
       Potion            |     1 |     3 ||     4
Armor: Robe              |    15 |     1 ||    16
Dodge: Dodged            |    35 |     4 ||    39

Table legend: (Time is in decaauts)
 A = Elapsed time spent in this place.
 B = Non-inter-level travel time spent in this place.
 C = Inter-level travel time spent in this place.
 D = Time resting spent in this place.
 E = Time spent auto-exploring this place.
 F = Levels seen in this place.
 G = Mean time per level.
                   A        B        C        D        E       F      G
               +--------+--------+--------+--------+--------+-----+--------+
         Total |   1111 |   1036 |     75 |      0 |      0 |   4 |  277.8 |
       Dungeon |   1111 |   1036 |     75 |      0 |      0 |   4 |  277.8 |
               +--------+--------+--------+--------+--------+-----+--------+

Top non-repeatable levels by time:
     D:1: 357 daAuts
     D:2: 351 daAuts
     D:3: 241 daAuts
     D:4: 161 daAuts
